 Dungeon Crawl Stone Soup version 0.24.0-37-gcf1ca852f1 (webtiles) character file.

Game seed: 16610996591569873264, levelgen mode: deterministic

340 DildoBatman the Conjurer (level 6, 0/41 HPs)
             Began as a Formicid Wizard on Dec 8, 2019.
             Slain by a bullfrog (3 damage)
             ... in a sewer.
             The game lasted 00:12:20 (3838 turns).

DildoBatman the Conjurer (Formicid Wizard)          Turns: 3838, Time: 00:12:20

Health: 0/41       AC:  2    Str: 15 (17) XL:     6   Next: 86%
Magic:  2/10       EV: 12    Int: 23 (24) God:
Gold:   204        SH:  0    Dex:  8 (9)  Spells: 4/11 levels left

rFire    . . .     SeeInvis +   i - +1 short sword
rCold    . . .     Gourm    .   (no shield)
rNeg     . . .     Faith    .   a - +0 robe
rPois    .         Spirit   .   (helmet unavailable)
rElec    .         Reflect  .   n - scarf {cloud immunity}
rCorr    .         Harm     .   (no gloves)
MR       .....                  (no boots)
Stlth    ++........             (no amulet)
HPRegen  0.13/turn              (no ring)
MPRegen  0.12/turn              (no ring)

@: mighty, brilliant
A: permanent stasis, dig shafts and tunnels, four strong arms, antennae 3
a: Dig, Shaft Self


You were in a sewer.
You were not hungry.

You visited 1 branch of the dungeon, and saw 3 of its levels.
You also visited: Sewer.

You collected 204 gold pieces.

Inventory:

Hand Weapons
 b - a +0 dagger
 c - a +0 club
 i - a +1 short sword (weapon)
 m - a +2 mace of venom
 y - a +0 flail
 A - a +0 spear
Missiles
 f - 13 arrows
 g - 30 stones
 l - 51 bolts
 q - 18 poisoned darts (quivered)
Armour
 a - a +0 robe (worn)
 n - a scarf of cloud immunity (worn)
Scrolls
 e - a scroll of enchant armour
 h - a scroll of enchant weapon
 j - a scroll of random uselessness {unknown}
 o - a scroll of remove curse {unknown}
 t - a scroll of blinking
 w - a scroll of amnesia {unknown}
 x - a scroll of teleportation {unknown}
Potions
 k - a potion of heal wounds {unknown}
Comestibles
 d - 3 chunks of flesh
 v - 5 rations


   Skills:
 - Level 1.7 Dodging
 - Level 2.4 Stealth
 - Level 3.2 Spellcasting
 * Level 5.3 Conjurations
   Level 1.0 Summonings
   Level 0.8 Translocations
 * Level 1.6 Fire Magic
 * Level 1.3 Air Magic


You had 4 spell levels left.
You knew the following spells:

 Your Spells              Type           Power        Failure   Level  Hunger
a - Conjure Flame         Conj/Fire      ####....     1%          3    ###....
c - Magic Dart            Conj           ####         1%          1    None
e - Mephitic Cloud        Conj/Pois/Air  ####....     1%          3    ###....

Your spell library contained the following spells:

 Spells                   Type           Power        Failure   Level  Hunger
 Call Imp                 Summ           ###.....     1%          2    ##.....
 Slow                     Hex            ###.....     2%          2    ##.....
 Blink                    Tloc           Unusable     N/A         2    N/A

Dungeon Overview and Level Annotations

Branches:
Dungeon (3/15)              Sewer (1/1)

Altars:


Innate Abilities, Weirdness & Mutations

You cannot be hasted, slowed, berserked, paralysed or teleported.
You can dig through walls and to a lower floor.
Your four strong arms can wield two-handed weapons with a shield.
You have a pair of large antennae on your head. (SInv)


Message History

You feel clumsy. The bullfrog hits you.
It was a potion of berserk rage.
Your stasis prevents you from going berserk.
The bullfrog hits you. x2
It was a potion of brilliance.
You feel clever all of a sudden. The bullfrog hits you.
It was a potion of might.
You feel very mighty all of a sudden. The bullfrog hits you.
An ooze comes into view.
The bullfrog hits you.
You puncture the bullfrog!
The bullfrog is severely wounded.
The bullfrog hits you!
You barely miss the bullfrog.
The bullfrog is severely wounded.
The bullfrog hits you.
You die...

##≈÷##≈≈≈≈≈≈.##≈≈≈#
##≈÷##≈≈≈≈≈≈≈÷≈##≈≈##
#≈≈≈≈≈≈≈.≈÷≈÷≈≈.#≈÷≈#
#.≈≈≈.#######.≈≈##≈.#
#######≈###≈≈†≈≈##≈≈≈#.≈#
#.≈≈≈≈###≈.≈≈≈≈≈ ##≈.#≈≈≈
#≈≈≈≈≈#.≈≈≈.≈≈F≈ #≈≈##≈≈
#≈.≈≈.#FJ# ##≈≈#≈≈
#.≈#≈.#≈@# { {#≈.#≈≈
#≈≈#≈.#≈≈# #≈≈#≈≈
#.≈#≈##.≈# #÷≈#.≈
#≈≈#≈#.≈≈# #≈≈#≈.
#≈.#≈#∩≈≈# { #≈.#≈.
#≈≈#.#≈≈≈## ##≈.#≈≈
#≈÷#≈###≈≈# #≈.##≈.
#.≈#≈≈≈#≈≈## ##≈≈#≈.≈
##.##.≈#≈≈≈##{ ##≈.≈#≈≈#


You could see a bullfrog and an ooze.

Vanquished Creatures
  A bullfrog (Sewer)
  An orc wizard (D:3)
  3 gnolls (D:3)
  2 adders
  A river rat (D:3)
  12 oozes
  A worm (D:2)
  5 dart slugs
  8 leopard geckos
  3 orcs (D:3)
  20 giant cockroaches
  8 goblins
  9 hobgoblins
  4 jackals (D:2)
  A quokka (D:2)
  5 ball pythons
  9 bats
  14 frilled lizards
  8 kobolds
  11 rats
126 creatures vanquished.

Notes
Turn   | Place    | Note
-------+----------+-------------------------------------------
     0 | D:1      | DildoBatman the Formicid Wizard began the quest for the
                  | Orb.
     0 | D:1      | Reached XP level 1. HP: 13/13 MP: 4/4
    40 | D:1      | Reached skill level 1 in Conjurations
   156 | D:1      | Reached XP level 2. HP: 9/19 MP: 0/6
   257 | D:1      | Reached skill level 2 in Conjurations
   592 | D:1      | Reached XP level 3. HP: 17/24 MP: 5/7
   597 | D:1      | Learned a level 3 spell: Conjure Flame
   601 | D:1      | Learned a level 3 spell: Mephitic Cloud
  1071 | D:1      | Reached skill level 3 in Conjurations
  1296 | D:2      | Found a faded altar of an unknown god.
  1504 | D:2      | Reached XP level 4. HP: 26/30 MP: 0/8
  2492 | D:3      | Reached skill level 4 in Conjurations
  2492 | D:3      | Reached XP level 5. HP: 28/35 MP: 4/9
  2821 | D:3      | Found a glowing drain.
  2843 | Sewer    | Entered a sewer
  3019 | Sewer    | Reached XP level 6. HP: 41/41 MP: 5/10
  3087 | Sewer    | Reached skill level 5 in Conjurations
  3520 | Sewer    | Reached skill level 1 in Fire Magic
  3787 | Sewer    | Reached skill level 1 in Air Magic
  3838 | Sewer    | Slain by a bullfrog

Levels and vault maps discovered:
D:1:      wander_arrival_peaceful_grave, layout_basic, minmay_distorted
D:2:      cheibrodos_old_hovel, layout_loops_corners,
          chequers_ecumenical_altar_simple
D:3:      minmay_chambers_of_threes, layout_rooms, first_ration,
          portal_sewer_entry_b, st_stairs_5, uniq_sigmund
Sewer:    sewer_frog_island_02

Skill      XL: |  1  2  3  4  5  6 |
---------------+-------------------+-----
Conjurations   | 1 2 3 4 5 |  5.3
Fire Magic     | 1 |  1.6
Air Magic      | 1 |  1.3
Dodging        | |  1.7
Stealth        | |  2.4
Spellcasting   | |  3.2
Summonings     | |  1.0
Translocations | |  0.8

Action                   |  1- 3 |  4- 6 || total
-------------------------+-------+-------++-------
Melee: Club              |    15 |       ||    15
       Short sword       |     2 |    40 ||    42
Throw: Stone             |       |     1 ||     1
       Dart              |       |    16 ||    16
 Cast: Magic Dart        |    92 |   166 ||   258
       Conjure Flame     |       |     7 ||     7
 Abil: Dig               |     2 |     5 ||     7
  Use: Scroll            |       |     3 ||     3
       Potion            |       |     5 ||     5
 Stab: Sleeping          |       |     1 ||     1
  Eat: Chunk             |     2 |     9 ||    11
Armor: Robe              |     5 |     5 ||    10
Dodge: Dodged            |    25 |    30 ||    55
